General information
- name: BNet
- type: Ladder team game (AT/RT)
- host: Battle.net
- saver: MAGGIE_CHOW
map: MarketSquare
- players: 8
- length: 21:39
- speed: Fast
- version: 1.26 W3XP
- replay type: Public
» download(161 KB)
Players
team 1 (winner)

»
SixteenMoreTime (
red | 40 APM | 870 actions | 21:38)
6 Death Knight
3 Death Coil
3 Unholy Aura
6 Lich
3 Frost Nova
2 Frost Armor
1 Death and Decay
5 Crypt Lord
3 Impale
2 Spiked Carapace
» actions
| Assign group hotkey | 23 | |
| Basic commands | 79 | |
| Build / train | 61 | |
| ESC pressed | 5 | |
| Enter build submenu | 17 | |
| Enter hero's abilities submenu | 17 | |
| Give item / drop item | 2 | |
| Right click | 129 | |
| Select / deselect | 264 | |
| Select group hotkey | 198 | |
| Use ability | 74 | |
870 total
» units
| Acolyte | 9 | |
| Ghoul | 5 | |
| Crypt Fiend | 5 | |
| Frost Wyrm | 8 | |
27 total
» upgrades
| Creature Attack | 3 | |
| Freezing Breath | 1 | |
| Creature Carapace | 2 | |
6 total
» buildings
| Altar of Darkness | 1 | |
| Ziggurat | 8 | |
| Crypt | 1 | |
| Tomb of Relics | 1 | |
| Graveyard | 1 | |
| Halls of the Dead | 1 | |
| Black Citadel | 1 | |
| Sacrificial Pit | 1 | |
| Necropolis | 1 | |
| Boneyard | 3 | |
| Nerubian Tower | 1 | |
20 total
» build order
00:10 Altar of Darkness
00:11 Ziggurat
00:36 Crypt
00:54 Tomb of Relics
01:18 Graveyard
02:22 Ziggurat
04:12 Halls of the Dead
04:50 Ziggurat
06:34 Black Citadel
06:38 Sacrificial Pit
07:25 Necropolis
09:26 Boneyard
09:27 Boneyard
09:28 Boneyard
11:11 Ziggurat
11:54 Ziggurat
12:43 Ziggurat
13:38 Ziggurat
14:28 Nerubian Tower
15:12 Ziggurat
» items
| Rod of Necromancy | 1 | |
| Scroll of Town Portal | 2 | |
| Orb of Corruption | 2 | |
5 total
I.C (
yellow | 32 APM | 685 actions | 21:38)
5 Blademaster
3 Wind Walk
2 Critical Strike
» actions
| Basic commands | 24 | |
| Build / train | 84 | |
| Enter build submenu | 25 | |
| Enter hero's abilities submenu | 5 | |
| Give item / drop item | 2 | |
| Remove unit from queue | 1 | |
| Right click | 193 | |
| Select / deselect | 291 | |
| Use ability | 60 | |
685 total
» units
» upgrades
| Ranged Weapons | 3 | |
| Armor | 3 | |
| Liquid Fire | 1 | |
| Reinforced Defenses | 1 | |
| Spiked Barricades | 3 | |
11 total
» buildings
| Altar of Storms | 1 | |
| Orc Burrow | 4 | |
| War Mill | 1 | |
| Voodoo Lounge | 1 | |
| Watch Tower | 11 | |
| Stronghold | 1 | |
| Fortress | 1 | |
| Beastiary | 3 | |
23 total
» build order
00:24 Altar of Storms
00:38 Orc Burrow
00:53 War Mill
01:26 Voodoo Lounge
01:35 Orc Burrow
02:18 Watch Tower
02:43 Watch Tower
03:19 Stronghold
03:29 Orc Burrow
04:29 Orc Burrow
05:55 Fortress
06:07 Beastiary
06:10 Beastiary
07:20 Beastiary
11:18 Watch Tower
11:19 Watch Tower
11:33 Watch Tower
12:00 Watch Tower
12:01 Watch Tower
12:23 Watch Tower
12:43 Watch Tower
17:58 Watch Tower
19:06 Watch Tower
» items
| Healing Salve | 1 | |
| Scroll of Speed | 1 | |
| Circlet of Nobility | 2 | |
| Boots of Speed | 1 | |
| Lesser Clarity Potion | 1 | |
| Orb of Lightning | 1 | |
| Potion of Mana | 1 | |
8 total

»
MAGGIE_CHOW (
teal | 60 APM | 1291 actions | 21:39)
4 Beastmaster
2 Summon Quilbeast
2 Summon Bear
» actions
| Assign group hotkey | 40 | |
| Basic commands | 59 | |
| Build / train | 60 | |
| ESC pressed | 4 | |
| Enter build submenu | 31 | |
| Enter hero's abilities submenu | 5 | |
| Right click | 382 | |
| Select / deselect | 382 | |
| Select group hotkey | 227 | |
| Use ability | 101 | |
1291 total
» units
| Wisp | 27 | |
| Archer | 6 | |
| Huntress | 1 | |
| Chimaera | 1 | |
35 total
» upgrades
| Strength of the Wild | 1 | |
| Ultravision | 2 | |
| Corrosive Breath | 1 | |
4 total
» buildings
| Altar of Elders | 2 | |
| Ancient of War | 1 | |
| Moon Well | 12 | |
| Ancient of Wonders | 2 | |
| Hunter's Hall | 3 | |
| Tree of Life | 1 | |
| Tree of Ages | 4 | |
| Ancient of Lore | 2 | |
| Ancient of Wind | 1 | |
| Tree of Eternity | 1 | |
| Chimaera Roost | 2 | |
31 total
» build order
00:23 Altar of Elders
00:28 Ancient of War
00:37 Moon Well
00:39 Moon Well
02:54 Moon Well
03:33 Moon Well
03:39 Moon Well
03:44 Moon Well
03:47 Moon Well
03:52 Ancient of Wonders
04:00 Hunter's Hall
06:03 Tree of Life
06:32 Tree of Ages
06:33 Tree of Ages
06:49 Moon Well
06:50 Moon Well
06:52 Moon Well
08:55 Ancient of Lore
09:00 Ancient of Lore
11:02 Altar of Elders
11:09 Moon Well
12:03 Tree of Ages
13:17 Hunter's Hall
15:07 Ancient of Wind
15:55 Tree of Eternity
16:08 Hunter's Hall
16:47 Ancient of Wonders
19:05 Chimaera Roost
19:08 Chimaera Roost
20:56 Moon Well
» items
| Lesser Clarity Potion | 2 | |
| Scroll of Town Portal | 1 | |
| Boots of Speed | 1 | |
| Staff of Teleportation | 1 | |
| Potion of Lesser Invulnerability | 1 | |
| Orb of Lightning | 1 | |
| Potion of Healing | 1 | |
8 total
D-Mark_Foley (
orange | 145 APM | 3138 actions | 21:38)
5 Archmage
3 Summon Water Elemental
2 Brilliance Aura
2 Mountain King
1 Storm Bolt
1 Bash
» actions
| Assign group hotkey | 118 | |
| Basic commands | 350 | |
| Build / train | 111 | |
| Enter build submenu | 66 | |
| Enter hero's abilities submenu | 7 | |
| Give item / drop item | 1 | |
| Right click | 965 | |
| Select / deselect | 625 | |
| Select group hotkey | 744 | |
| Use ability | 151 | |
3138 total
» units
| Peasant | 31 | |
| Footman | 10 | |
| Mortar Team | 2 | |
| Spell Breaker | 1 | |
| Sorceress | 1 | |
| Priest | 1 | |
46 total
» upgrades
| Masonry | 3 | |
| Swords | 3 | |
| Armor | 3 | |
| Lumber Harvesting | 2 | |
| Magic Sentry | 1 | |
| Sorceress Training | 1 | |
| Priest Training | 1 | |
| Fragmentation Shards | 1 | |
| Flare | 1 | |
| Plating | 2 | |
| Gunpowder | 2 | |
20 total
» buildings
| Barracks | 1 | |
| Farm | 14 | |
| Altar of Kings | 1 | |
| Scout Tower | 31 | |
| Arcane Tower | 4 | |
| Lumber Mill | 5 | |
| Town Hall | 4 | |
| Keep | 1 | |
| Guard Tower | 18 | |
| Arcane Vault | 1 | |
| Blacksmith | 2 | |
| Castle | 1 | |
| Arcane Sanctum | 4 | |
| Workshop | 5 | |
92 total
» build order
00:22 Barracks
00:35 Farm
00:52 Altar of Kings
01:18 Farm
01:55 Farm
02:13 Scout Tower
02:42 Arcane Tower
02:42 Arcane Tower
02:42 Arcane Tower
02:51 Farm
03:40 Lumber Mill
03:59 Farm
04:47 Town Hall
06:04 Scout Tower
06:05 Scout Tower
06:05 Scout Tower
06:09 Scout Tower
06:11 Scout Tower
06:13 Scout Tower
06:18 Lumber Mill
06:23 Lumber Mill
06:34 Keep
06:45 Guard Tower
06:53 Scout Tower
06:54 Scout Tower
06:55 Scout Tower
07:08 Guard Tower
07:08 Guard Tower
07:09 Guard Tower
07:09 Guard Tower
07:34 Arcane Vault
07:36 Blacksmith
07:36 Blacksmith
07:51 Scout Tower
08:10 Guard Tower
09:00 Scout Tower
09:00 Scout Tower
09:01 Scout Tower
09:02 Scout Tower
09:20 Guard Tower
09:20 Guard Tower
09:53 Guard Tower
10:13 Castle
10:18 Arcane Sanctum
10:18 Arcane Sanctum
10:20 Arcane Sanctum
10:22 Workshop
11:16 Farm
11:17 Farm
11:19 Farm
11:20 Farm
11:21 Farm
11:37 Arcane Sanctum
12:26 Farm
14:22 Lumber Mill
14:24 Lumber Mill
14:26 Scout Tower
14:27 Scout Tower
14:28 Scout Tower
14:34 Scout Tower
14:34 Scout Tower
14:44 Farm
14:45 Farm
14:46 Farm
14:57 Scout Tower
14:58 Scout Tower
15:00 Scout Tower
15:01 Scout Tower
15:02 Scout Tower
15:03 Guard Tower
15:29 Guard Tower
15:29 Guard Tower
15:29 Guard Tower
15:31 Guard Tower
15:32 Guard Tower
15:38 Town Hall
16:35 Guard Tower
17:41 Scout Tower
17:41 Scout Tower
17:42 Scout Tower
17:42 Scout Tower
17:43 Scout Tower
17:44 Scout Tower
18:14 Town Hall
18:27 Guard Tower
18:27 Guard Tower
19:18 Town Hall
21:03 Workshop
21:04 Workshop
21:06 Workshop
21:31 Workshop
» items
| Scroll of Regeneration | 3 | |
| Lesser Clarity Potion | 4 | |
| Scroll of Town Portal | 1 | |
| Orb of Corruption | 1 | |
| Scroll of Healing | 1 | |
10 total
team 2 (loser)
Krene (
pink | 0 APM | 0 actions | 01:53)
legoboy7 (
green | 42 APM | 899 actions | 21:38)
4 Mountain King
2 Storm Bolt
2 Thunder Clap
» actions
| Build / train | 107 | |
| Enter build submenu | 26 | |
| Enter hero's abilities submenu | 5 | |
| Right click | 427 | |
| Select / deselect | 274 | |
| Use ability | 60 | |
899 total
» units
| Peasant | 12 | |
| Footman | 8 | |
| Peon | 3 | |
| Grunt | 4 | |
| Flying Machine | 38 | |
| Tauren | 2 | |
67 total
» upgrades
| Masonry | 3 | |
| Swords | 2 | |
| Plating | 1 | |
| Melee Weapons | 2 | |
| Armor | 4 | |
| Reinforced Defenses | 1 | |
| Pillage | 1 | |
| Gunpowder | 3 | |
| Flak Cannons | 1 | |
| Flying Machine Bombs | 1 | |
19 total
» buildings
| Altar of Kings | 1 | |
| Farm | 6 | |
| Barracks | 1 | |
| Scout Tower | 6 | |
| Lumber Mill | 1 | |
| Orc Burrow | 2 | |
| Guard Tower | 4 | |
| Arcane Vault | 1 | |
| Keep | 1 | |
| Blacksmith | 1 | |
| Fortress | 1 | |
| Castle | 1 | |
| Tauren Totem | 1 | |
| Workshop | 2 | |
29 total
» build order
00:23 Altar of Kings
00:37 Farm
00:57 Barracks
01:20 Scout Tower
01:37 Lumber Mill
02:59 Farm
03:13 Farm
03:38 Orc Burrow
03:59 Scout Tower
05:54 Guard Tower
05:57 Arcane Vault
06:04 Keep
06:19 Farm
06:37 Blacksmith
07:32 Fortress
08:06 Farm
08:09 Farm
09:32 Castle
10:22 Tauren Totem
10:42 Workshop
11:22 Orc Burrow
12:27 Workshop
12:38 Scout Tower
12:44 Scout Tower
13:18 Guard Tower
13:23 Scout Tower
13:57 Guard Tower
14:00 Scout Tower
14:28 Guard Tower
» items
| Scroll of Regeneration | 2 | |
| Lesser Clarity Potion | 1 | |
| Mechanical Critter | 2 | |
| Scroll of Town Portal | 3 | |
| Potion of Healing | 1 | |
9 total
CRiXA. (
purple | 129 APM | 2701 actions | 20:56)
5 Warden
3 Shadow Strike
2 Blink
2 Far Seer
1 Feral Spirit
1 Chain Lighting
3 Keeper of the Grove
2 Entangling Roots
1 Thorns Aura
» actions
| Assign group hotkey | 46 | |
| Basic commands | 73 | |
| Build / train | 85 | |
| Enter build submenu | 31 | |
| Enter hero's abilities submenu | 10 | |
| Remove unit from queue | 6 | |
| Right click | 847 | |
| Select / deselect | 253 | |
| Select group hotkey | 1268 | |
| Use ability | 82 | |
2701 total
» units
| Wisp | 15 | |
| Archer | 6 | |
| Peon | 6 | |
| Grunt | 5 | |
| Huntress | 3 | |
| Dryad | 5 | |
| Faerie Dragon | 3 | |
| Hippogryph | 3 | |
46 total
» upgrades
| Reinforced Hides | 3 | |
| Berserker Strength | 1 | |
| Abolish Magic | 1 | |
| Strength of the Wild | 1 | |
| Well Spring | 1 | |
7 total
» buildings
| Altar of Elders | 1 | |
| Moon Well | 6 | |
| Ancient of War | 1 | |
| Altar of Storms | 1 | |
| Orc Burrow | 4 | |
| Ancient of Wonders | 1 | |
| Barracks | 1 | |
| Hunter's Hall | 1 | |
| Tree of Ages | 1 | |
| Stronghold | 3 | |
| Ancient Protector | 4 | |
| Ancient of Lore | 2 | |
| Ancient of Wind | 1 | |
| War Mill | 1 | |
| Tauren Totem | 2 | |
| Tree of Eternity | 2 | |
| Great Hall | 1 | |
33 total
» build order
00:13 Altar of Elders
00:25 Moon Well
00:40 Ancient of War
01:38 Moon Well
02:01 Altar of Storms
02:08 Orc Burrow
02:20 Ancient of Wonders
02:37 Barracks
03:25 Hunter's Hall
04:27 Tree of Ages
04:36 Moon Well
04:48 Stronghold
04:48 Stronghold
05:40 Ancient Protector
06:01 Moon Well
07:15 Ancient of Lore
07:21 Ancient of Wind
07:47 War Mill
07:49 Orc Burrow
08:01 Ancient of Lore
10:12 Tauren Totem
10:14 Tauren Totem
10:45 Moon Well
11:22 Orc Burrow
12:09 Tree of Eternity
12:09 Tree of Eternity
12:44 Ancient Protector
12:48 Ancient Protector
13:07 Orc Burrow
13:57 Ancient Protector
14:40 Great Hall
15:02 Moon Well
» items
| Potion of Healing | 1 | |
| Dust of Appearance | 1 | |
2 total

»
GHETTONOOBADMN (
blue | 47 APM | 957 actions | 20:29)
5 Pandaren Brewmaster
3 Breath of Fire
2 Drunken Haze
» actions
| Assign group hotkey | 85 | |
| Basic commands | 48 | |
| Build / train | 48 | |
| Enter build submenu | 24 | |
| Enter hero's abilities submenu | 5 | |
| Right click | 397 | |
| Select / deselect | 124 | |
| Select group hotkey | 137 | |
| Use ability | 89 | |
957 total
» units
| Wisp | 17 | |
| Archer | 2 | |
| Rogue | 3 | |
| Assassin | 2 | |
| Kobold Geomancer | 3 | |
| Forest Troll High Priest | 2 | |
29 total
» upgrades
| Ultravision | 1 | |
| Strength of the Wild | 1 | |
| Reinforced Hides | 1 | |
3 total
» buildings
| Moon Well | 10 | |
| Altar of Elders | 1 | |
| Ancient of War | 4 | |
| Ancient of Wonders | 2 | |
| Hunter's Hall | 1 | |
| Tree of Ages | 2 | |
| Tree of Life | 1 | |
| Ancient Protector | 6 | |
27 total
» build order
00:37 Moon Well
01:04 Altar of Elders
01:09 Ancient of War
01:42 Moon Well
02:17 Moon Well
02:22 Ancient of Wonders
03:46 Moon Well
04:04 Hunter's Hall
04:28 Moon Well
06:11 Tree of Ages
07:21 Ancient of War
08:21 Ancient of War
08:38 Moon Well
08:38 Moon Well
08:39 Moon Well
12:46 Tree of Life
13:17 Ancient Protector
13:20 Ancient Protector
13:23 Ancient Protector
13:25 Ancient Protector
13:28 Ancient Protector
14:01 Ancient Protector
14:05 Ancient of War
14:26 Moon Well
14:29 Moon Well
17:16 Ancient of Wonders
18:19 Tree of Ages
» items
| Dust of Appearance | 3 | |
| Lesser Clarity Potion | 4 | |
| Moonstone | 1 | |
8 total
Chat log
(00:07 / All) GHETTONOOBADMN: ugh
(00:11 / All) MAGGIE_CHOW: Ah, Mista MJ Lowell, in da fresh!
(00:12 / All) GHETTONOOBADMN: who didnt make it?
(00:15 / All) D-Mark_Foley: That's what you get for disconnecting us the last game.
(00:17 / All) D-Mark_Foley: We're all here, dummy.
(00:31 / All) CRiXA.: that funky beattttttttt
(00:35 / All) CRiXA.: rockin in the streets
(00:44 / All) SixteenMoreTime: mortal kombat for sega genesis is the best game ever
(00:53 / All) MAGGIE_CHOW: Look like TLO is here too! Also in da fresh!
(00:53 / All) CRiXA.: bro ur about 15 years behind
(00:58 / All) D-Mark_Foley: lol
(01:04 / All) D-Mark_Foley: This game is gonna be fun.
(01:10 / All) MAGGIE_CHOW: market square always delivers.
(01:12 / All) CRiXA.: they have a new mk now
(01:21 / Allies) MAGGIE_CHOW: fuck
(01:23 / Allies) MAGGIE_CHOW: greens towering in my base
(01:27 / All) GHETTONOOBADMN: oh boy
(01:27 / All) D-Mark_Foley: Isn't that like saying Deus Ex sucks, the new one is out now, play that?
(01:30 / Allies) MAGGIE_CHOW: can't do shit about it
(01:45 / All) SixteenMoreTime: one tower?
(01:52 / Allies) MAGGIE_CHOW: he's gonna build more
(01:56 / Allies) SixteenMoreTime: with one unit?
(01:56 / All) GHETTONOOBADMN: pinks afk
(02:00 / All) GHETTONOOBADMN: and or a leaver
(02:01 / All) SixteenMoreTime: faggots
(02:02 / Allies) MAGGIE_CHOW: probably
(02:54 / Allies) SixteenMoreTime: oops
(02:55 / Allies) SixteenMoreTime: nvm
(03:04 / Allies) D-Mark_Foley: Np.
(04:09 / All) D-Mark_Foley: I wish Warcraft III had achievements.
(04:17 / All) CRiXA.: wow is for that
(04:18 / All) D-Mark_Foley: But only if they involve stabbing your teammates.
(04:23 / All) CRiXA.: if u want to be a fag
(04:30 / All) D-Mark_Foley: Backstabbing is a legitimate strategy.
(04:37 / All) D-Mark_Foley: It's part of the metagame.
(04:56 / Allies) D-Mark_Foley: Take, Pies.
(05:01 / Allies) MAGGIE_CHOW: ok
(05:08 / Allies) MAGGIE_CHOW: soon as i revive my beastmaster
(05:18 / Allies) D-Mark_Foley: Brt.
(05:22 / Allies) SixteenMoreTime: omw brah
(05:50 / Allies) MAGGIE_CHOW: thanks
(05:54 / Allies) D-Mark_Foley: np
(05:56 / Allies) D-Mark_Foley: NOW TAEK
(05:57 / Allies) D-Mark_Foley: auehauhe XD
(06:09 / Allies) MAGGIE_CHOW: I like to gain additional resources. I'll take the expansion.
(06:14 / Allies) D-Mark_Foley: rofl
(06:30 / Allies) D-Mark_Foley: Nice one.
(07:57 / Allies) D-Mark_Foley: Brt. o.o
(08:06 / Allies) D-Mark_Foley: Gonna be a second.
(08:10 / Allies) MAGGIE_CHOW: that's fine
(08:15 / Allies) MAGGIE_CHOW: he's running anyway for some reason
(08:22 / Allies) D-Mark_Foley: Good.
(08:38 / All) MAGGIE_CHOW: NEVERMIND
(08:40 / Allies) D-Mark_Foley: They're all in.
(08:46 / Allies) D-Mark_Foley: Coming on foot, got no TP.
(08:48 / Allies) SixteenMoreTime: OK
(09:44 / Allies) SixteenMoreTime: well that sucks
(09:45 / Allies) D-Mark_Foley: For real?
(09:46 / Allies) D-Mark_Foley: -.-
(10:07 / All) D-Mark_Foley: So yellow, where does one develop the cunning strategy to tech towards Bats in the face of an obvious rush?
(10:24 / Allies) SixteenMoreTime: cunning school
(10:32 / Allies) I.C: first of all you let his hero level up
(10:37 / Allies) I.C: first dumb move
(10:44 / All) D-Mark_Foley: NO DONT EVEN DEFEND IT
(10:45 / All) D-Mark_Foley: DONT
(10:46 / All) D-Mark_Foley: EVEN
(10:47 / All) D-Mark_Foley: DEFEND
(10:47 / All) D-Mark_Foley: IT
(10:51 / All) MAGGIE_CHOW: lol
(10:54 / All) D-Mark_Foley: THAT WAS A RHETORICAL QUESTION
(11:00 / All) D-Mark_Foley: AND ALWAYS WILL BE
(11:21 / Allies) MAGGIE_CHOW: oh, goodie my moonwells are intact.
(11:27 / Allies) D-Mark_Foley: Your expo should be fine.
(11:32 / Allies) MAGGIE_CHOW: looks that way
(11:33 / Allies) D-Mark_Foley: Although they are going mid.
(12:15 / Allies) MAGGIE_CHOW: should i just try to pump chims or something
(12:20 / Allies) D-Mark_Foley: That's fine.
(12:24 / Allies) MAGGIE_CHOW: ok
(12:26 / Allies) MAGGIE_CHOW: gonna be awhile
(12:29 / Allies) SixteenMoreTime: fine just fine
(14:07 / Allies) MAGGIE_CHOW: fighting taurens with level 1 beastmaster, that's how i roll.
(14:15 / Allies) SixteenMoreTime: you're a bad bad man
(14:19 / Allies) MAGGIE_CHOW: and a dead one
(14:52 / All) CRiXA.: bitch
(15:15 / All) D-Mark_Foley: I'm going with the words of Herb Brooks.
(15:21 / All) D-Mark_Foley: As my motivation.
(15:26 / All) D-Mark_Foley: IF YOU LOSE THIS GAME, YOU WILL TAKE IT TO YOUR FUCKING GRAVE.
(15:37 / Allies) SixteenMoreTime: herb brooks was a drunk
(15:49 / All) MAGGIE_CHOW: YOU CAN't TRUST THAT DRUNK.
(16:01 / Allies) SixteenMoreTime: quite so
(16:54 / All) D-Mark_Foley: The name's Hunts.
(16:55 / All) D-Mark_Foley: Jim Hunts.
(17:10 / All) CRiXA.: team is fuckin garbage
(17:14 / All) MAGGIE_CHOW: lol
(17:18 / All) D-Mark_Foley: Oh snap.
(17:22 / All) SixteenMoreTime: a viscious untruth
(17:51 / Allies) MAGGIE_CHOW: I WILL DEFENSE YOUR EXPO
(17:57 / Allies) D-Mark_Foley: Very well.
(18:27 / All) CRiXA.: green thinks copters are good aa
(18:33 / All) MAGGIE_CHOW: They are
(18:34 / All) SixteenMoreTime: noob
(18:34 / All) D-Mark_Foley: They're the best AA in the game in critical mass.
(18:36 / All) CRiXA.: false
(18:39 / All) MAGGIE_CHOW: lol
(18:44 / All) D-Mark_Foley: What's better?
(18:46 / Allies) MAGGIE_CHOW: damn
(18:48 / All) CRiXA.: you all need to uninstall then
(18:54 / Allies) MAGGIE_CHOW: i can't leave your expo
(18:54 / All) D-Mark_Foley: What AA unit is better?
(18:58 / Allies) MAGGIE_CHOW: until my staff recharges
(19:01 / All) CRiXA.: anything but fuckin copter
(19:08 / All) SixteenMoreTime: copters rewl
(19:09 / All) D-Mark_Foley: And your non-response is why you're a dumbass.
(19:17 / All) CRiXA.: bro you are complete buns
(19:26 / All) D-Mark_Foley: "Gyros suck."
(19:29 / All) CRiXA.: youre still stuck on mass caster
(19:30 / All) MAGGIE_CHOW: lol
(19:30 / All) D-Mark_Foley: "What unit is better than them?"
(19:32 / All) GHETTONOOBADMN: i give up boys, gg
(19:35 / All) CRiXA.: go back to fuckin roc
(19:35 / All) MAGGIE_CHOW: gg
(19:36 / All) D-Mark_Foley: "LOL STFU UR BAD"
(19:37 / All) MAGGIE_CHOW: LOL
(19:45 / All) D-Mark_Foley: gg teelo
(19:46 / All) legoboy7: if you would play like a team
(19:47 / All) D-Mark_Foley: One more?
(19:50 / All) legoboy7: we could have won
(19:56 / All) legoboy7: but you a dumb hotdog
(20:00 / All) D-Mark_Foley: I played like a team.
(20:03 / All) D-Mark_Foley: I let Pies die so I could win.
(20:07 / All) D-Mark_Foley: It was a team effort.
(20:15 / All) MAGGIE_CHOW: lo
(20:16 / All) legoboy7: not for purp
(20:19 / All) legoboy7: he sucks
(20:21 / All) D-Mark_Foley: Purple sucks.
(20:24 / All) D-Mark_Foley: Not even wasting my time with him.
(21:12 / All) SixteenMoreTime: teal was mvp of this game
(21:15 / All) MAGGIE_CHOW: LOL
(21:17 / All) D-Mark_Foley: Agreed.
(21:29 / All) MAGGIE_CHOW: my entire army consisted of a beastmaster
(21:30 / All) MAGGIE_CHOW: For most of the game
(21:34 / All) SixteenMoreTime: EXACTLY
(21:37 / All) D-Mark_Foley: We call that heroball.